 Dungeon Crawl Stone Soup version 0.23.2-40-g277498a001 (webtiles) character file.

Game seed: 5535473493856682767

520 CitizenNev the Covered (level 7, -3/91 HPs)
             Began as a Minotaur Monk on Oct 4, 2019.
             Slain by Sverke's ghost (11 damage)
             ... on level 3 of the Dungeon.
             The game lasted 00:08:02 (2801 turns).

CitizenNev the Covered (Minotaur Monk)              Turns: 2801, Time: 00:08:03

Health: -3/91      AC: 23    Str: 17    XL:     7   Next: 1%
Magic:  6/6        EV:  2    Int:  7    God:
Gold:   198        SH:  0    Dex: 13    Spells: 6/6 levels left

rFire    x . .     SeeInvis .   a - +1 spear
rCold    + . .     Gourm    .   (no shield)
rNeg     + + +     Faith    .   (armour currently unavailable)
rPois    +         Spirit   .   (helmet currently unavailable)
rElec    .         Reflect  .   (cloak currently unavailable)
rCorr    .         Harm     .   (gloves currently unavailable)
MR       .....     NoTele   +   (boots currently unavailable)
Stlth    ++........             (no amulet)
HPRegen  0.25/turn              d - ring of flight
MPRegen  0.10/turn              n - ring of ice

@: tree-form, berserk cooldown, slowed, very slow
A: (retaliatory headbutt)
a: no special abilities


You were on level 3 of the Dungeon.
You were very hungry.
You were a tree.
You visited 1 branch of the dungeon, and saw 3 of its levels.

You collected 198 gold pieces.

Inventory:

Hand Weapons
 a - a +1 spear (weapon)
Armour
 g - a +1 plate armour (melded)
Jewellery
 d - a ring of flight (left branch)
 n - a ring of ice (right branch)
Comestibles
 c - 5 rations


   Skills:
 * Level 5.4 Fighting
 - Level 5.1 Polearms
 - Level 6.7 Armour
 - Level 3.2 Dodging
 - Level 1.5 Stealth


You had 6 spell levels left.
You didn't know any spells.
Your spell library was empty.

Dungeon Overview and Level Annotations

Branches:
Dungeon (3/15)

Altars:

Annotations:
D:3 Sverke's ghost, amateur GrMo


Innate Abilities, Weirdness & Mutations

((You reflexively headbutt those who attack you in melee.))
((You have a pair of horns on your head.))


Message History

As you read the scroll labeled EQOCU FIJI, it crumbles to dust.
It is a scroll of enchant armour.
Your +0 plate armour glows green for a moment.
Sverke's ghost hits you.
* * * LOW HITPOINT WARNING * * *
Sverke's ghost barely misses you.
As you read the scroll labeled AGINEO EPUWUE, it crumbles to dust.
You assume a fearsome visage.
Sverke's ghost is unaffected.
It was a scroll of fear.
Sverke's ghost hits you but does no damage.
As you read the scroll labeled TUGOHI LADDEDA, it crumbles to dust.
The scroll dissolves into smoke.
It was a scroll of fog.
Sverke's ghost hits you but does no damage. x2
As you read the scroll labeled GIAR USET HOUZ, it crumbles to dust.
It is a scroll of identify.
k - a scroll of enchant weapon Sverke's ghost hits you but does no damage.
As you read the scroll of enchant weapon, it crumbles to dust.
Your +0 spear glows red for a moment.
Sverke's ghost hits you!
You die...

.#..#..................#
.#..#..................#
.#########.##..........########
...........)..........>.......#
.#.....###.########...........#
.#.###.###(###.(.##...........#
.............#§§§#............#
.#####.###.#.#§§§##...........###
.# #.#.....#§W♣#...............
.# #.#...#)#§§§##.###...#######
.#####.#####(##'###.# #...#
)##........)(....##'###...######
.##.#.....##..#..#.............#
.##............#.#.............#
..#.......##(..#.#.............#
###.......##>..#.#.............#
#.....<.##...#.#.............#


You could see Sverke's ghost.

Vanquished Creatures
  Sigmund (D:3)
  An ice beast (D:3)
  A centaur (D:3)
  A worker ant (D:2)
  4 gnolls (D:3)
  5 adders
  An ooze (D:2)
  3 worms (D:2)
  4 dart slugs
  3 leopard geckos
  3 giant cockroaches
  8 goblins
  6 hobgoblins
  2 jackals (D:3)
  8 bats
  7 frilled lizards
  11 kobolds
  8 rats
77 creatures vanquished.

Vanquished Creatures (others)
  3 toadstools (D:3)
3 creatures vanquished.

Grand Total: 80 creatures vanquished

Notes
Turn   | Place    | Note
-------+----------+-------------------------------------------
     0 | D:1      | CitizenNev the Minotaur Monk began the quest for the Orb.
     0 | D:1      | Reached XP level 1. HP: 19/19 MP: 0/0
    93 | D:1      | Reached XP level 2. HP: 26/26 MP: 1/1
   680 | D:2      | Reached skill level 1 in Armour
   680 | D:2      | Reached XP level 3. HP: 28/31 MP: 2/2
   689 | D:2      | Reached skill level 5 in Polearms
   938 | D:2      | Reached skill level 2 in Armour
   971 | D:2      | Reached XP level 4. HP: 39/39 MP: 3/3
  1105 | D:2      | Reached skill level 3 in Armour
  1354 | D:2      | Reached skill level 4 in Armour
  1616 | D:3      | Found a runed translucent door.
  1649 | D:3      | Reached XP level 5. HP: 39/45 MP: 4/4
  1672 | D:3      | Noticed Sverke's ghost (amateur GrMo)
  1686 | D:3      | Noticed a centaur
  1700 | D:3      | Killed a centaur
  1700 | D:3      | Reached skill level 5 in Armour
  1751 | D:3      | Reached skill level 6 in Armour
  1965 | D:3      | Noticed an ice beast
  1975 | D:3      | Killed an ice beast
  1975 | D:3      | Reached XP level 6. HP: 51/51 MP: 5/5
  1980 | D:3      | Noticed Sigmund
  2000 | D:3      | Killed Sigmund
  2000 | D:3      | Reached skill level 5 in Fighting
  2422 | D:3      | Reached XP level 7. HP: 61/61 MP: 6/6
  2801 | D:3      | Slain by Sverke's ghost

Skill      XL: |  1  2  3  4  5  6 |
---------------+-------------------+-----
Polearms       | 4 5 |  5.1
Armour         | 1 2 4 6 |  6.7
Fighting       | 5 |  5.4
Dodging        | |  3.2
Stealth        | |  1.5

Action                   |  1- 3 |  4- 6 |  7- 9 || total
-------------------------+-------+-------+-------++-------
Melee: Spear             |   112 |   158 |    22 ||   292
       Headbutt          |    15 |    21 |     3 ||    39
  Use: Scroll            |       |       |     5 ||     5
       Potion            |       |       |     3 ||     3
 Stab: Sleeping          |     2 |       |       ||     2
  Eat: Chunk             |       |     5 |       ||     5
Armor: Plate armour      |    33 |    68 |     5 ||   106
       Skin              |       |       |     4 ||     4
Dodge: Dodged            |    23 |    38 |     6 ||    67
